 Dungeon Crawl Stone Soup version 0.16.2-12-gd0ad4c3 (webtiles) character file.

14 Vigosan the Chopper (level 2, 25/25 HPs)
             Began as a Minotaur Gladiator on Sept 19, 2015.
             Starved to death
             ... while paralysed
             ... on level 1 of the Dungeon.
             The game lasted 00:22:12 (1941 turns).

Vigosan the Chopper (Minotaur Gladiator)            Turns: 1941, Time: 00:22:12

Health: 25/25      AC:  7    Str: 19    XL:     2   Next: 27%
Magic:  1/1        EV:  2    Int:  5    God:
Gold:   51         SH:  0    Dex: 10    Spells: 0 memorised, 1 level left

rFire  . . .     SeeInvis .     n - +0 mace
rCold  . . .     Clarity  .     v - +0 scale mail
rNeg   . . .     SustAb   .     (no shield)
rPois  .         Gourm    .     c - +0 hat
rElec  .         Spirit   .     (no cloak)
rCorr  .         Warding  .     w - +0 pair of gloves
rMut   .         Stasis   .     (no boots)
MR     .....                    (no amulet)
Stlth  ..........               (no ring)
                                (no ring)

@: paralysed, starving, not resistant to hostile enchantments, extremely
unstealthy
A: retaliatory headbutt, horns 2
a: no special abilities


You were on level 1 of the Dungeon.
You were starving.

You visited 1 branch of the dungeon, and saw 1 of its levels.

You collected 51 gold pieces.

Inventory:

Hand weapons
 a - a +0 war axe
 i - a +0 dagger {w}
 n - a +0 mace (weapon)
 r - a +0 hunting sling
 x - a +0 club
 y - a +0 club
 A - a +0 club
Missiles
 d - 3 throwing nets (quivered)
 e - 19 bolts
 j - 38 sling bullets
 s - 15 stones
Armour
 b - a +0 leather armour
 c - a +0 hat (worn)
 m - a +0 leather armour
 v - a +0 scale mail (worn)
 w - a +0 pair of gloves (worn)
 z - a +0 robe
Jewellery
 l - an uncursed ring of magical power {unknown}
Scrolls
 h - a scroll of blinking {unknown}
 k - 5 scrolls of remove curse {unknown}
 o - a scroll of noise {unknown}
 p - a scroll of recharging {unknown}
 u - a scroll of amnesia {unknown}
Potions
 q - 2 potions of cancellation {unknown}
 t - a potion of heal wounds {unknown}
Comestibles
 f - a bread ration
 g - 2 beef jerkies


   Skills:
 + Level 2.7 Fighting
 + Level 3.8 Axes
 + Level 2.1 Throwing
 + Level 0.8 Armour
 + Level 3.5 Dodging


You had one spell level left.
You didn't know any spells.

Dungeon Overview and Level Annotations

Branches:
Dungeon (1/15)

Altars:


Innate Abilities, Weirdness & Mutations

You reflexively headbutt those who attack you in melee.
You have a pair of horns on your head.


Message History

There is a staircase leading out of the dungeon here.
A giant newt comes into view.
There is a staircase leading out of the dungeon here.
The giant newt bites you but does no damage.
The giant newt bites you but does no damage.
The giant newt barely misses you.
You closely miss the giant newt. The giant newt barely misses you.
You miss the giant newt. You headbutt the giant newt.
You kill the giant newt!
There is a staircase leading out of the dungeon here.
There is a staircase leading out of the dungeon here.
There is a staircase leading out of the dungeon here.
There is a staircase leading out of the dungeon here.
There is a staircase leading out of the dungeon here.
There is a staircase leading out of the dungeon here.
You lose consciousness!
You can move again.
You lose consciousness!
You have starved to death.
You die...

##...## #.##..# ##....##
#..#..# ##########......#
##<#... ##.......#.......##
###.#...
##........#.#.##...###..<###.
#.........#...###.......####.
#.........##.## ####.<####...
#..........#.### ###### ##.#
#...........@..# #....# #...
#..............####....###...
##...........................
##..........######....######
#############........#
##..###....# ###..## #....#
#.....# ###### #.....#


There were no monsters in sight!

Vanquished Creatures
  An ooze (D:1)
  An orc (D:1)
  A ball python (D:1)
  3 bats (D:1)
  2 giant cockroaches (D:1)
  A hobgoblin (D:1)
  A giant newt (D:1)
  A goblin (D:1)
  A rat (D:1)
12 creatures vanquished.

Notes
Turn   | Place    | Note
--------------------------------------------------------------
     0 | D:1      | Vigosan, the Minotaur Gladiator, began the quest for the Orb.
     0 | D:1      | Reached XP level 1. HP: 18/18 MP: 1/1
   421 | D:1      | Reached XP level 2. HP: 25/25 MP: 1/1
  1941 | D:1      | Starved to death

Action                   || total
-------------------------++-------
Melee: War axe           ||    10
       Mace              ||    11
Throw: Throwing net      ||     4
